 Dungeon Crawl Stone Soup version 0.17.0-28-g6e173f8 (webtiles) character file.

4939 rootspb the Protected (level 10, -6/88 HPs)
             Began as a Minotaur Berserker on Nov 24, 2015.
             Was an Elder of Trog.
             Mangled by a raiju (8 damage)
             ... on level 1 of the Abyss.
             The game lasted 01:06:04 (6640 turns).

rootspb the Protected (Minotaur Berserker)          Turns: 6640, Time: 01:06:07

Health: -6/88      AC: 16    Str: 25    XL:     10   Next: 28%
Magic:  9/9        EV: 13    Int:  4    God:    Trog [****..]
Gold:   297        SH:  0    Dex: 10    Spells: 0 memorised, 9 levels left

rFire  . . .     SeeInvis .     b - +0 short sword
rCold  . . .     Clarity  .     y - +4 scale mail
rNeg   . . .     SustAt   .     (no shield)
rPois  +         Gourm    .     (helmet restricted)
rElec  .         Spirit   .     s - +0 cloak
rCorr  .         Warding  .     k - +1 pair of gloves
rMut   .         Stasis   .     (no boots)
MR     +....                    (no amulet)
Stlth  ..........               h - ring of poison resistance
                                e - ring of protection from magic

@: exhausted, slowed, very slow, somewhat resistant to hostile enchantments,
extremely unstealthy
A: retaliatory headbutt, horns 2
a: Berserk, Trog's Hand, Brothers in Arms, Burn Spellbooks, Renounce Religion


You were on level 1 of the Abyss.
You worshipped Trog.
Trog was greatly pleased with you.
You were very hungry.

You visited 1 branch of the dungeon, and saw 8 of its levels.
You visited the Abyss 1 time.

You collected 297 gold pieces.

Inventory:

Hand Weapons
 b - a +0 short sword (weapon)
 v - a +0 war axe
 L - a +1 dagger of distortion
Missiles
 B - 20 sling bullets of frost
 F - 29 sling bullets
 G - a javelin (quivered)
 K - a tomahawk
Armour
 k - a +1 pair of gloves (worn)
 s - a +0 cloak (worn)
 y - a +4 scale mail (worn)
 J - a +0 cloak
Jewellery
 e - a ring of protection from magic (left hand)
 h - a ring of poison resistance (right hand)
 q - an uncursed ring of fire
Scrolls
 d - a scroll of summoning {unknown}
 g - a scroll of vulnerability {unknown}
 j - 3 scrolls of teleportation
 m - a scroll of remove curse
 n - 2 scrolls of random uselessness
 o - a scroll of noise
 t - 3 scrolls of fog
 x - 3 scrolls of recharging
 E - a scroll of enchant armour
Potions
 a - a potion of flight {unknown}
 i - a potion of curing
 u - 2 potions of degeneration
 z - 3 potions of heal wounds
 A - a potion of invisibility {unknown}
 D - 2 potions of resistance {unknown}
 I - 2 potions of lignification
 O - a potion of ambrosia {unknown}
Comestibles
 c - 9 bread rations
 f - a royal jelly
 p - 4 meat rations
 r - 3 beef jerkies
 w - 11 chunks of flesh
 H - a slice of pizza
 N - a fruit


   Skills:
 + Level 7.7 Fighting
 + Level 7.9 Short Blades
 + Level 2.2 Axes
 + Level 7.8 Throwing
 + Level 8.7 Armour
 + Level 7.1 Dodging
 + Level 1.0 Stealth


You had 9 spell levels left.
You didn't know any spells.

Dungeon Overview and Level Annotations

Branches:
Dungeon (8/15)             Temple (0/1) D:4            Lair (0/8) D:8

Altars:
Xom
Zin


Innate Abilities, Weirdness & Mutations

You reflexively headbutt those who attack you in melee.
You have a pair of horns on your head.


Message History

A raiju comes into view.
You barely miss the raiju.
The raiju barks!
The raiju bursts into living lightning!
The living lightning hits you!
The living lightning hits the raiju.
The raiju completely resists.
The raiju blinks!
The raiju bites you but does no damage. The raiju barely misses you.
The raiju bursts into living lightning!
The living lightning hits the raiju.
The raiju completely resists.
The living lightning hits the raiju.
The raiju completely resists.
The living lightning hits you!
* * * LOW HITPOINT WARNING * * *
The raiju blinks!
You closely miss the raiju. Your headbutt misses the raiju.
The raiju bites you.
* * * LOW HITPOINT WARNING * * *
The raiju shocks you!
* * * LOW HITPOINT WARNING * * *
The raiju bites you!
You die...

.....#.
....#.#
..#..
###...
..##. ..#
........#
. . # #h#
#h# #@#
#..hh#
#.#### #


You could see 4 raiju.

Vanquished Creatures
  Psyche (D:8)
  4 yaks (D:8)
  Menkaure (D:5)
  4 wolves
  2 phantoms
  3 sky beasts
  An ice beast (D:5)
  3 ogres
  2 orc warriors
  A necrophage (D:8)
  A centaur (D:7)
  The ghost of Ijustatesigmund the Firebug, an amateur DrFE (D:3)
  5 giant frogs
  A wyvern zombie (D:7)
  3 scorpions
  A wyvern skeleton (D:8)
  5 killer bees (D:8)
  A centaur zombie (D:5)
  3 centaur skeletons
  2 orc priests
  2 crimson imps
  A jelly (D:6)
  Crazy Yiuf (D:2)
  2 hounds
  An iguana (D:7)
  A giant frog skeleton (D:6)
  Jessica (D:2)
  3 worker ants
  2 orc wizards
  A killer bee zombie (D:4)
  10 adders
  4 worms
  An adder zombie (D:6)
  6 giant geckos
  26 orcs
  2 ball pythons (D:2)
  8 bats
  4 giant cockroaches
  5 goblins
  10 hobgoblins
  8 jackals
  A giant gecko skeleton (D:7)
  6 giant newts
  5 kobolds
  2 quokkas (D:2)
  2 quokka zombies (D:5)
  11 rats
171 creatures vanquished.

Vanquished Creatures (collateral kills)
  2 yaks (D:8)
  A hog (D:8)
  Grum (D:8)
  A human (D:8)
  A hippogriff (D:8)
  A sky beast (D:8)
  An ice beast (D:8)
  A sheep (D:8)
9 creatures vanquished.

Vanquished Creatures (others)
  A sky beast (D:8)
1 creature vanquished.

Grand Total: 181 creatures vanquished

Notes
Turn   | Place    | Note
--------------------------------------------------------------
     0 | D:1      | rootspb the Minotaur Berserker began the quest for the Orb.
     0 | D:1      | Reached XP level 1. HP: 19/19 MP: 0/0
   264 | D:1      | Reached XP level 2. HP: 24/27 MP: 1/1
   624 | D:1      | Reached skill level 4 in Fighting
   721 | D:4      | Reached XP level 3. HP: 30/33 MP: 2/2
   763 | D:4      | Reached XP level 4. HP: 35/40 MP: 3/3
   808 | D:4      | Found a staircase to the Ecumenical Temple.
   926 | D:4      | Noticed a scorpion
   932 | D:4      | Killed a scorpion
   932 | D:4      | Reached ** piety under Trog
   932 | D:4      | Reached XP level 5. HP: 38/47 MP: 4/4
  1178 | D:5      | Entered Level 5 of the Dungeon
  1197 | D:5      | Reached skill level 5 in Short Blades
  1197 | D:5      | Reached skill level 1 in Stealth
  1203 | D:5      | Found a shimmering altar of Xom.
  1389 | D:5      | Noticed an ogre
  1420 | D:5      | Killed an ogre
  1420 | D:5      | Reached skill level 5 in Fighting
  1420 | D:5      | Reached XP level 6. HP: 45/56 MP: 5/5
  1685 | D:3      | Noticed Ijustatesigmund's ghost (amateur DrFE)
  1855 | D:3      | Noticed a sky beast
  1866 | D:3      | Killed a sky beast
  1866 | D:3      | Reached skill level 5 in Armour
  1866 | D:3      | Reached XP level 7. HP: 47/61 MP: 6/6
  2185 | D:2      | Noticed Jessica
  2192 | D:2      | Killed Jessica
  2634 | D:2      | Reached *** piety under Trog
  2676 | D:2      | Noticed Crazy Yiuf
  2680 | D:2      | Paralysed by Crazy Yiuf for 2 turns
  2687 | D:2      | Killed Crazy Yiuf
  2900 | D:3      | Reached skill level 6 in Short Blades
  3026 | D:3      | Killed Ijustatesigmund's ghost
  3026 | D:3      | Reached skill level 1 in Throwing
  3555 | D:3      | Reached **** piety under Trog
  3717 | D:5      | Noticed Menkaure
  3728 | D:5      | Killed Menkaure
  3728 | D:5      | Reached XP level 8. HP: 48/70 MP: 7/7
  3740 | D:5      | Noticed an ice beast
  3756 | D:5      | Killed an ice beast
  3756 | D:5      | Reached skill level 1 in Axes
  3844 | D:5      | Found a glowing silver altar of Zin.
  3959 | D:5      | Noticed a phantom
  4016 | D:5      | Killed a phantom
  4665 | D:6      | Reached skill level 5 in Dodging
  5305 | D:7      | Reached skill level 5 in Throwing
  5373 | D:8      | Reached skill level 7 in Armour
  5380 | D:8      | Reached XP level 9. HP: 43/78 MP: 8/8
  5534 | D:8      | Noticed Grum
  5537 | D:8      | Noticed Psyche
  5574 | D:8      | Killed Grum
  5593 | D:8      | Reached skill level 8 in Armour
  5968 | D:7      | Reached XP level 10. HP: 51/86 MP: 9/9
  5997 | D:7      | Received a gift from Trog
  6556 | D:8      | Killed Psyche
  6616 | D:8      | Cast into the Abyss (a distortion unwield)
  6640 | Abyss:1  | HP: 2/88 [raiju (9)]
  6640 | Abyss:1  | Mangled by a raiju

Action                   |  1- 3 |  4- 6 |  7- 9 | 10-12 || total
-------------------------+-------+-------+-------+-------++-------
Melee: Short sword       |    40 |   112 |   306 |    57 ||   515
       Hand axe          |     9 |       |       |       ||     9
       War axe           |       |       |    10 |     9 ||    19
       Dagger            |       |       |       |     3 ||     3
Throw: Throwing net      |       |     2 |       |       ||     2
       Javelin           |       |       |   117 |    14 ||   131
       Tomahawk          |       |       |     6 |     2 ||     8
Invok: Berserk           |       |     1 |     3 |     1 ||     5
       Burn Spellbooks   |       |       |     2 |       ||     2
       Trog's Hand       |       |       |     1 |       ||     1
       Brothers in Arms  |       |       |     1 |       ||     1
  Use: Scroll            |       |     1 |    14 |     3 ||    18
       Potion            |       |       |     5 |       ||     5
  Eat: Chunk             |       |     3 |    13 |     2 ||    18
       Bread ration      |       |       |     1 |       ||     1
